 Dungeon Crawl Stone Soup version 0.31-a0-1074-g0b22e4e0f1 (webtiles) character file.

Game seed: 9693876315655090612

429180 Armakuni the Skinwalker (level 22, -38/206 HPs)
             Began as a Pale Draconian Monk on Nov 26, 2023.
             Was a High Priest of the Shining One.
             Annihilated by a titan (42 damage)
             ... on level 5 of the Vaults.
             The game lasted 02:53:20 (58900 turns).

Armakuni the Skinwalker (Pale Draconian Monk)      Turns: 58900, Time: 02:53:21

Health: -38/206    AC: 12    Str: 16 (17) XL:     22   Next: 49%
Magic:  15/36      EV: 43    Int:  9      God:    the Shining One [*****.]
Gold:   4146       SH: 14    Dex: 19 (20) Spells: 15/21 levels left

rFire   . .          .
                       - Unarmed
rCold   . . .        s - melded +3 buckler {reflect}
rNeg    + + +        (body armour unavailable)
rPois   ∞            j - melded +2 hat {Will+}
rElec   +            x - melded +2 cloak {rPois}
rCorr   +            L - melded +2 pair of gloves
SInv    .            H - melded +2 pair of boots of an ossuary {rElec}
Will    ++++.        P - necklace of Bloodlust {Fury *Rage Will++ Int-3 Slay+6}
Stlth   +            E - ring of Ufabues {Drain rN+ Will+ EV+5}
HPRegen 0.54/turn    K - ring of Sloth {rCorr Str+2}
MPRegen 0.25/turn

%: random rage (50%)
@: divinely shielded, storm-form, on berserk cooldown, blinkbolt cooldown,
flying, slowed, glowing, studying 2 skills, very slow
A: cleaving, insubstantial, flying, (breathe steam), AC +11, unfitting armour,
(cold-blooded), (steam resistance), (large bone plates 1), (cold resistance 1),
deterioration 1, dopey 1, wild magic 1
}: 3/15 runes: decaying, serpentine, silver
a: Blinkbolt, Begin Untransformation, Renounce Religion, Divine Shield,
Cleansing Flame, Summon Divine Warrior


You were on level 5 of the Vaults.
You worshipped the Shining One.
The Shining One was extremely pleased with you.
You were a lightning-filled tempest!
You visited 8 branches of the dungeon, and saw 39 of its levels.
You also visited: Wizlab.

You collected 5505 gold pieces.
You spent 1359 gold pieces at shops.

Inventory:

Hand Weapons
 b - a +7 double sword of freezing
Armour
 j - a +2 hat of willpower (melded)
 s - a +3 buckler of reflection (melded)
 x - a +2 cloak of poison resistance (melded)
 A - a scarf of resistance
 H - the +2 pair of boots of an ossuary (melded) {rElec}
   (You bought it in a shop on level 2 of the Orcish Mines)

   rElec:     It insulates you from electricity.
 L - a +2 pair of gloves (melded)
Jewellery
 i - a +6 ring of dexterity
 E - the ring of Ufabues (left fist) {Drain rN+ Will+ EV+5}
   (You found it on level 3 of the Elven Halls)

   [ring of evasion]

   EV+5:      It affects your evasion (+5).
   rN+:       It protects you from negative energy.
   Will+:     It increases your willpower.
   Drain:     It drains your maximum health when unequipped.
 F - a ring of protection from fire
 J - the ring "Teol" {rC+ Slay+2}
   (You found it on level 13 of the Dungeon)

   [ring of protection from cold]

   Slay+2:    It affects your accuracy & damage with ranged weapons and melee
   (+2).
   rC+:       It protects you from cold.
 K - the ring of Sloth (right fist) {rCorr Str+2}
   (You found it on level 11 of the Dungeon)

   [ring of resist corrosion]

   Str+2:     It affects your strength (+2).
   rCorr:     It protects you from acid and corrosion.
 P - the necklace of Bloodlust (around neck) {Fury *Rage Will++ Int-3 Slay+6}
   (You took it off a meliai on level 15 of the Dungeon)

   [amulet of nothing]

   Fury:      It extends the wearer's berserk rage when killing foes.
   Int-3:     It affects your intelligence (-3).
   Slay+6:    It affects your accuracy & damage with ranged weapons and melee
   (+6).
   Will++:    It greatly increases your willpower.
   *Rage:     It berserks you when you make melee attacks (+50% chance).
 R - an amulet of regeneration
Talismans
 t - a storm talisman (active)
Wands
 k - a wand of digging (12)
 r - a wand of roots (19)
 v - a wand of flame (51)
 w - a wand of quicksilver (27)
 y - a wand of paralysis (20)
 Y - a wand of mindburst (13)
Scrolls
 g - 9 scrolls of revelation
 n - 8 scrolls of teleportation
 o - 5 scrolls of noise
 p - a scroll of enchant armour
 q - 6 scrolls of immolation
 z - 22 scrolls of identify
 C - 2 scrolls of amnesia
 D - 2 scrolls of butterflies
 I - a scroll of poison
 M - 7 scrolls of fog
 T - 6 scrolls of vulnerability
 V - 2 scrolls of blinking
 Z - 2 scrolls of fear
Potions
 a - 8 potions of ambrosia
 c - 15 potions of curing
 d - 2 potions of magic
 e - 2 potions of resistance
 h - 2 potions of invisibility
 B - 5 potions of lignification
 G - 2 potions of enlightenment
 N - 2 potions of heal wounds
 O - 2 potions of haste
 Q - 5 potions of cancellation
 U - 2 potions of might
 X - 4 potions of mutation
Miscellaneous
 f - a phial of floods
 l - a box of beasts
 m - a phantom mirror


   Skills:
 - Level 19.3 Fighting
 - Level 10.0 Dodging
 - Level 4.0 Shields
 - Level 20.0 Unarmed Combat
 - Level 20.0 Invocations
 - Level 10.0 Evocations
 + Level 23.1 Shapeshifting


You had 15 spell levels left.
You knew the following spells:

 Your Spells              Type           Power      Damage    Failure   Level
m - Iskenderun's Mystic   Conj/Tloc      0%         2d3       99%         4
w - Wereblood             Tmut           0%         N/A       61%         2

Your spell library contained the following spells:

 Spells                   Type           Power      Damage    Failure   Level
 Freeze                   Ice            0%         1d3       47%         1
 Slow                     Hex            0%         N/A       47%         1
 Jinxbite                 Hex            0%         N/A       61%         2
 Lesser Beckoning         Tloc           0%         N/A       61%         2
 Poisonous Vapours        Pois/Air       0%         N/A       61%         2
 Static Discharge         Conj/Air       0%         3-3/arc   61%         2
 Call Canine Familiar     Summ           0%         N/A       83%         3
 Confusing Touch          Hex            0%         N/A       83%         3
 Dazzling Flash           Conj/Hex       0%         N/A       83%         3
 Frozen Ramparts          Ice            0%         1d1       83%         3
 Gell's Gravitas          Tloc           0%         N/A       83%         3
 Hailstorm                Conj/Ice       0%         3d3       83%         3
 Inner Flame              Hex/Fire       0%         N/A       83%         3
 Mephitic Cloud           Conj/Pois/Air  0%         N/A       83%         3
 Ozocubu's Armour         Ice            0%         N/A       83%         3
 Sigil of Binding         Hex            0%         N/A       83%         3
 Stone Arrow              Conj/Erth      0%         3d7       83%         3
 Summon Guardian Golem    Hex/Summ       0%         N/A       83%         3
 Teleport Other           Tloc           0%         N/A       83%         3
 Tukima's Dance           Hex            0%         N/A       83%         3
 Vampiric Draining        Necr           0%         2d6       83%         3
 Volatile Blastmotes      Fire/Tloc      0%         2d10      83%         3
 Airstrike                Air            0%         2d(0-16)  99%         4
 Brom's Barrelling Bould  Conj/Erth      0%         2d3       99%         4
 Cause Fear               Hex            0%         N/A       99%         4
 Dimensional Bullseye     Hex/Tloc       0%         N/A       99%         4
 Leda's Liquefaction      Hex/Erth       0%         N/A       99%         4
 Olgreb's Toxic Radiance  Pois           0%         N/A       99%         4
 Passage of Golubria      Tloc           0%         N/A       99%         4
 Petrify                  Tmut/Erth      0%         N/A       99%         4
 Summon Ice Beast         Ice/Summ       0%         N/A       99%         4
 Summon Lightning Spire   Summ/Air       0%         N/A       99%         4
 Vhi's Electric Charge    Tloc/Air       0%         N/A       99%         4
 Fireball                 Conj/Fire      0%         3d3       100%        5
 Freezing Cloud           Conj/Ice/Air   0%         6-21      100%        5
 Irradiate                Conj/Tmut      0%         3d11      100%        5
 Iskenderun's Battlesphe  Conj           0%         2d6       100%        5
 Lee's Rapid Deconstruct  Erth           0%         3d4*      100%        5
 Metabolic Englaciation   Hex/Ice        0%         N/A       100%        5
 Silence                  Hex/Air        0%         N/A       100%        5
 Summon Forest            Summ/Tloc      0%         N/A       100%        5
 Summon Mana Viper        Hex/Summ       0%         N/A       100%        5
 Yara's Violent Unravell  Hex/Tmut       0%         3d3       100%        5
 Conjure Ball Lightning   Conj/Air       0%         3x3d6     100%        6
 Dispersal                Tloc           0%         N/A       100%        6
 Simulacrum               Ice/Necr       0%         N/A       100%        6
 Starburst                Conj/Fire      0%         6d3       100%        6
 Summon Cactus Giant      Summ           0%         N/A       100%        6
 Enfeeble                 Hex            0%         N/A       100%        7
 Monstrous Menagerie      Summ           0%         N/A       100%        7
 Orb of Destruction       Conj           0%         9d5       100%        7
 Spellforged Servitor     Conj/Summ      0%         N/A       100%        7
 Discord                  Hex            0%         N/A       100%        8
 Disjunction              Tloc           0%         N/A       100%        8
 Lehudib's Crystal Spear  Conj/Erth      0%         10d2      100%        8
 Maxwell's Capacitive Co  Air            0%         ∞         100%        8
 Sublimation of Blood     Necr           Unusable   N/A       N/A         2
 Animate Armour           Summ/Erth      Unusable   N/A       N/A         4

Dungeon Overview and Level Annotations

Branches:
Dungeon (15/15)            Temple (1/1) D:7            Lair (5/5) D:10
  Swamp (4/4) Lair:3        Snake (4/4) Lair:2        Slime (0/5) Lair:4
    Orc (2/2) D:11            Elf (3/3) Orc:2        Vaults (5/5) D:13
  Crypt (0/3) Vaults:3     Depths (0/4) D:15         WizLab (visited)

Altars:
Ashenzari
Cheibriados
Dithmenos
Elyvilon
Fedhas
Gozag
Hepliaklqana
Kikubaaqudgha
Makhleb
Nemelex Xobeh
Okawaru
Qazlal
Ru
Sif Muna
Trog
Uskayaw
Vehumet
Wu Jian
Xom
Yredelemnul
Zin
The Shining One
Jiyva

Shops:
D:3 (   D:13 (   Orc:1 (   Orc:2 [?[[   Elf:1 *   Elf:2 [   Elf:3 (   Snake:1 ?
Snake:4 :   Vaults:1 (   Vaults:2 :

Portals:
Trove: Elf:1 (give 8 potions of haste)

Annotations:
Lair:5 exclusion: 2 oklob plants
Swamp:3 Mara
Snake:1 Roxanne
Elf:1 exclusion: 2 ice statues
Elf:2 exclusion: 5 doors


Innate Abilities, Weirdness & Mutations

You are a lightning-filled tempest!
Your electrical attacks strike out in all directions at once.
You are incredibly evasive.
Your insubstantial body is immune to petrification, constriction, and being set on fire You are flying.
Your armour is entirely melded.
You are incapable of wielding weapons or throwing items.
((You can breathe blasts of scalding, opaque steam.))
((Your pale cyan-grey scales are hard. (AC +11)))
You cannot fit into any form of body armour.
You are immune to poison.
((You are cold-blooded and may be slowed by cold attacks.))
((You are immune to the effects of steam.))
((You are partially covered in large bone plates. (SH +4)))
((Your flesh is cold resistant. (rC+)))
Your body sometimes deteriorates upon taking damage.
You are dopey. (Int -2)
Your spells are a little harder to cast, but a little more powerful.


Message History

The titan completely resists.
The titan is severely wounded.
The shock of your passage hits the stone giant!!!!
You kill the stone giant!
You blink.
The steelbarb worm changes into a merfolk!
The deep elf high priest utters an invocation to its god.
The deep elf high priest begins emitting a brilliant aura!
The titan is empowered by the deep elf high priest's aura!
The titan casts a spell.
The titan is healed somewhat.
A vault guard comes into view.
It is wielding a +3 great mace of venom.
The golden dragon completely misses you.
The golden dragon claws you!
* * * LOW HITPOINT WARNING * * *
The golden dragon completely misses you.
Activating: Cleansing Flame (0% risk of failure)
Press: ? - help, Dir - look around, f - activate The golden flame engulfs you but does no damage.
You resist.
The golden flame engulfs the vault warden!!
The vault warden is moderately wounded.
The golden flame engulfs the golden dragon!!!
The golden dragon is almost dead.
The golden flame engulfs the titan!
The titan is heavily wounded.
The golden flame engulfs the merfolk!!!
The merfolk is almost dead.
You hear a deafening roar!
The merfolk changes into a cyclops!
The vault warden is empowered by the deep elf high priest's aura!
The deep elf high priest starts to sing a prayer.
The titan casts a spell.
The titan is healed somewhat.
The vault warden hits you with a +0 war axe!!
* * * LOW HITPOINT WARNING * * *
The golden dragon completely misses you.
The golden dragon misses you. You block the golden dragon's attack.
The vault warden barely misses you. The titan hits you!!!
You die...

.... .....####
#...pD[†## #p)#
.# ##e# .# #
##)# ..#
#..##.C##..#
#...(p.#..#
#####Dv...#
##########C...#
........).....#
..............#
........§.....#
..............#
##########....#
.............#
.#.#.#.#.#..#


You could see a titan (empowered), a golden dragon, a vault warden (empowered),
a vault guard, a deep elf high priest (brilliance aura) and a cyclops shaped
shifter.

Vanquished Creatures
  Saint Roka (Vaults:4)
  Nikola (Snake:2)
  A golden dragon (Vaults:5)
  The ghost of BigAl98 the Metamorph, an adept TrFi of Gozag (Elf:2)
  3 tentacled monstrosities
  3 liches
  Zenata (Vaults:4)
  Mlioglotl (Snake:2)
  2 deep elf master archers (Elf:3)
  A quicksilver dragon (Vaults:5)
  2 deep elf blademasters (Elf:3)
  2 titans (Vaults:5)
  Frances (D:12)
  The ghost of Gympuve the Fighter, an adept TrFi of Uskayaw (D:15)
  Gastronok (D:9)
  2 sphinxes (Vaults:5)
  3 thorn hunters
  3 tengu reavers (Vaults:5)
  3 storm dragons (Vaults:5)
  Aizul (Snake:1)
  2 shadow dragons
  Kirke (D:13)
  2 nagarajas
  Donald (Swamp:2)
  7 deep elf sorcerers (Elf:3)
  13 vault wardens
  2 frost giants (Vaults:5)
  A deep elf elementalist (Elf:3)
  10 ironbound thunderhulks
  A reaper (Lair:2)
  A very ugly thing (Vaults:5)
  A stone giant (shapeshifter) (Vaults:3)
  2 war gargoyles
  4 stone giants (Vaults:5)
  21 ironbound preservers
  The ghost of MrCrawl the Zephyrmancer, a journeyman DrFE of Vehumet (Snake:1)
  5 formless jellyfish
  Nessos (D:12)
  7 deep elf demonologists
  6 eleionomae
  10 deep elf annihilators
  Azrael (Snake:2)
  4 bunyips
  14 dire elephants
  8 deep elf death magi
  Snorg (D:12)
  A crystal guardian (Vaults:4)
  4 ettins (Vaults:5)
  10 yaktaur captains
  Josephine (D:10)
  An entropy weaver (Vaults:1)
  5 great orbs of eyes
  A fire dragon (Lair:5)
  6 salamander tyrants
  4 deep elf high priests
  Erolcha (D:12)
  5 catoblepae
  33 vault guards
  4 ogre magi
  20 centaur warriors
  8 ironbound frosthearts
  7 alligators
  3 ghost crabs
  A spriggan air mage (Swamp:2)
  17 hydras
  3 peacekeepers
  10 anacondas
  An anaconda (shapeshifter) (Vaults:3)
  The ghost of glassdraggon the Thaumaturge, a journeyman DjSu of Hepliaklqana (Lair:2)
  A boulder beetle (Vaults:1)
  10 naga warriors
  15 two-headed ogres
  A deep troll shaman (Vaults:5)
  A death knight (D:14)
  14 dancing weapons
  A deep troll earth mage (Vaults:5)
  An orc high priest (Elf:1)
  4 death yaks (Lair:5)
  A titan zombie (Vaults:5)
  18 naga sharpshooters
  A shock serpent (shapeshifter) (Vaults:3)
  6 shock serpents
  A skyshark (shapeshifter) (Vaults:3)
  8 spriggans
  11 deep elf knights
  An iron troll (Vaults:5)
  3 goliath frogs
  11 salamander mystics
  5 skeletal warriors
  3 spriggan druids
  The ghost of RandomKimchi the Geomancer, a novice FoEE of Vehumet (D:7)
  61 deep trolls
  A storm dragon skeleton (Vaults:4)
  8 naga ritualists
  9 bog bodies
  4 deep elf archers
  4 swamp dragons
  5 necromancers
  8 arcanists
  15 lindwurms
  2 phantasmal warriors (Vaults:5)
  8 mana vipers
  15 deep elf pyromancers
  A fire giant zombie (Vaults:4)
  21 ironbound convokers
  11 harpies
  10 orc knights
  18 ugly things
  11 deep elf zephyrmancers
  2 orc sorcerers
  A wolf spider (shapeshifter) (Vaults:5)
  36 salamanders
  5 will-o-the-wisps
  8 cyclopes
  A manticore (shapeshifter) (Vaults:3)
  3 manticores
  2 moths of wrath
  Maurice (D:7)
  7 elephants (Lair:3)
  12 vault sentinels
  A frost giant skeleton (Vaults:4)
  6 guardian serpents
  25 naga magi
  43 black mambas
  A gargoyle (D:11)
  A torpor snail (Lair:2)
  19 cane toads
  2 kobold demonologists
  2 centaur skeletons (D:13)
  2 unseen horrors (D:11)
  2 yaktaur zombies
  Maggie (D:6)
  25 yaktaurs
  A human zombie (Vaults:5)
  A guardian mummy (Elf:1)
  A komodo dragon (shapeshifter) (D:14)
  2 freezing wraiths (Vaults:5)
  12 komodo dragons
  6 rime drakes
  6 tengu conjurers
  A queen bee (D:15)
  2 meliai (D:15)
  9 hornets
  11 trolls
  A human skeleton (Vaults:1)
  4 polar bears
  A tarantella (shapeshifter) (Elf:2)
  2 hornets (shapeshifter)
  5 blink frogs (Lair:2)
  A dream sheep (Lair:3)
  5 tyrant leeches
  An ettin zombie (Vaults:1)
  30 slime creatures
  A jumping spider (D:13)
  8 wraiths
  A centaur simulacrum (D:14)
  A frost giant simulacrum (Vaults:4)
  4 shadows
  An air elemental (Elf:1)
  8 wyverns
  A basilisk (shapeshifter) (D:15)
  15 basilisks
  A yak (shapeshifter) (D:15)
  A hog (D:13)
  4 water elementals
  51 yaks
  4 fire elementals
  A human (Lair:2)
  4 steam dragons
  2 redbacks (Vaults:1)
  A redback (shapeshifter) (Elf:2)
  A steam dragon (shapeshifter) (Elf:3)
  A redback simulacrum (D:15)
  A harpy simulacrum (D:12)
  12 vampire mosquitoes
  A human simulacrum (Vaults:4)
  49 nagas
  Edmund (D:4)
  10 swamp worms
  7 wargs
  27 water moccasins
  4 hell hounds
  6 acid dragons
  A black bear (shapeshifter) (Elf:3)
  8 swamp drakes
  Pargi (D:4)
  3 black bears
  38 orc warriors
  3 ice beasts
  A sky beast (D:8)
  16 ogres
  A boggart (D:13)
  25 wolves
  14 centaurs
  9 kobold brigands
  3 gnoll sergeants
  18 bullfrogs
  2 earth elementals
  2 scorpions
  9 wights
  14 killer bees
  4 howler monkeys
  2 electric eels (D:10)
  3 lava snakes (D:13)
  3 gnoll boudas
  A hound (D:10)
  10 jellies
  10 orc priests
  9 iguanas
  28 orc wizards
  Natasha (D:4)
  13 hell rats
  8 adders
  23 gnolls
  8 river rats (D:8)
  2 white imps
  4 ufetubi
  8 worms
  3 dart slugs
  114 orcs
  11 ball pythons
  4 bats
  8 endoplasms
  4 giant cockroaches
  12 goblins
  18 hobgoblins
  5 jackals
  13 quokkas
  6 frilled lizards
  A frilled lizard (shapeshifter) (Vaults:3)
  25 kobolds
  17 rats
1723 creatures vanquished.

Vanquished Creatures (collateral kills)
  An orc warlord (Vaults:4)
  A dire elephant (Vaults:4)
  A salamander tyrant (Snake:4)
  A salamander (Snake:4)
  A naga mage (Snake:2)
  A spriggan (Swamp:1)
6 creatures vanquished.

Vanquished Creatures (others)
  An ettin (Orc:2)
  A catoblepas (Lair:2)
  A centaur warrior (D:15)
  2 death yaks (Lair:5)
  A storm dragon zombie (Vaults:5)
  A shock serpent (Snake:4)
  A spriggan druid (Swamp:3)
  A deep troll (Orc:2)
  2 orc sorcerers (Orc:2)
  6 orc knights
  A black mamba (Snake:2)
  2 centaur skeletons (D:13)
  A kobold demonologist (D:12)
  6 bloated husks
  2 jumping spiders (D:13)
  A wyvern (Lair:2)
  A swamp worm (Swamp:3)
  A warg (Orc:2)
  A naga (Snake:4)
  A swamp drake (Swamp:3)
  An orc warrior (D:11)
  3 ogres (Orc:2)
  3 centaurs (D:15)
  A kobold brigand (D:12)
  An orc priest (Vaults:5)
  An orc wizard (D:13)
  3 orcs
  5 kobolds
  22 foxfires
74 creatures vanquished.

Grand Total: 1803 creatures vanquished

Notes
Turn   | Place    | Note
-------+----------+-------------------------------------------
     0 | D:1      | Armakuni the Draconian Monk began the quest for the Orb.
     0 | D:1      | Reached XP level 1. HP: 19/19 MP: 1/1
   160 | D:1      | Reached XP level 2. HP: 24/25 MP: 2/2
   485 | D:1      | Reached XP level 3. HP: 30/31 MP: 3/3
  1065 | D:2      | Reached XP level 4. HP: 25/38 MP: 4/4
  1068 | D:2      | Reached skill level 5 in Unarmed Combat
  1385 | D:2      | Found a faded altar of an unknown god.
  1851 | D:3      | Found Duru's Antique Weapon Boutique.
  1895 | D:3      | Found a stormy altar of Qazlal.
  2015 | D:3      | Reached XP level 5. HP: 44/45 MP: 5/5
  2308 | D:4      | Noticed Pargi
  2308 | D:4      | Noticed a black bear
  2323 | D:4      | Killed Pargi
  2324 | D:4      | Reached XP level 6. HP: 30/51 MP: 6/6
  2591 | D:4      | Found a sacrificial altar of Ru.
  2798 | D:4      | Noticed Edmund
  2800 | D:4      | Noticed Natasha
  2878 | D:4      | Killed Edmund
  2879 | D:4      | Your scales start taking on a pale cyan-grey colour.
  2879 | D:4      | Reached XP level 7. HP: 30/57 MP: 3/7
  2879 | D:4      | Gained mutation: You are immune to the effects of steam.
                  | [Pale Draconian growth]
  2995 | D:4      | Killed Natasha
  3133 | D:5      | Entered Level 5 of the Dungeon
  4257 | D:5      | Reached skill level 1 in Shapeshifting
  4573 | D:6      | Noticed Maggie
  4604 | D:6      | Found a shadowy altar of Dithmenos.
  4612 | D:6      | Reached skill level 2 in Shapeshifting
  4682 | D:6      | Noticed a steam dragon
  4691 | D:6      | Killed a steam dragon
  4692 | D:6      | Reached skill level 3 in Shapeshifting
  4692 | D:6      | Reached XP level 8. HP: 60/63 MP: 8/8
  4774 | D:6      | Reached skill level 4 in Shapeshifting
  4783 | D:6      | Reached skill level 5 in Shapeshifting
  4915 | D:6      | Found a blossoming altar of Fedhas.
  4961 | D:6      | Identified the +2 pair of boots of Duty {rF+ Slay+2}
  5297 | D:6      | Gained mutation: Potions are less effective at restoring
                  | your health. [potion of mutation]
  5297 | D:6      | Gained mutation: Your body sometimes deteriorates upon
                  | taking damage. [potion of mutation]
  5297 | D:6      | Gained mutation: You have a pair of small horns on your
                  | head. [potion of mutation]
  5460 | D:6      | Lost mutation: Potions are less effective at restoring your
                  | health. [potion of mutation]
  5460 | D:6      | Lost mutation: You have a pair of small horns on your head.
                  | [potion of mutation]
  5460 | D:6      | Gained mutation: Your large and strong wings let you fly.
                  | [potion of mutation]
  5460 | D:6      | Gained mutation: You are somewhat resistant to further
                  | mutation. [potion of mutation]
  5518 | D:6      | Killed Maggie
  5519 | D:6      | Reached skill level 6 in Shapeshifting
  5522 | D:6      | Reached skill level 7 in Shapeshifting
  5618 | D:6      | Found a snail-covered altar of Cheibriados.
  5701 | D:7      | Reached XP level 9. HP: 51/70 MP: 7/9
  5885 | D:7      | Found a glowing silver altar of Zin.
  6079 | D:7      | Found a staircase to the Ecumenical Temple.
  6115 | Temple   | Entered the Ecumenical Temple
  6139 | Temple   | Became a worshipper of Elyvilon the Healer
  6139 | Temple   | Reached * piety under Elyvilon
  6139 | Temple   | Reached ** piety under Elyvilon
  6194 | D:7      | Found a transporter.
  6194 | D:7      | Found a transporter.
  6198 | D:7      | Found a bloodstained altar of Trog.
  6206 | D:7      | Noticed RandomKimchi's ghost (novice FoEE)
  6206 | D:7      | Noticed a moth of wrath
  6258 | D:7      | Reached skill level 8 in Shapeshifting
  6297 | D:7      | Found an ornate altar of the Wu Jian Council.
  6371 | D:7      | Noticed Maurice
  6377 | D:7      | Killed Maurice
  6387 | D:7      | Reached skill level 9 in Shapeshifting
  6825 | D:8      | Reached skill level 10 in Shapeshifting
  6825 | D:8      | Reached skill level 1 in Invocations
  7085 | D:8      | Noticed a two-headed ogre
  7090 | D:8      | Killed a two-headed ogre
  7091 | D:8      | Reached skill level 5 in Invocations
  7091 | D:8      | Reached XP level 10. HP: 77/77 MP: 11/13
  7273 | D:8      | Reached skill level 1 in Evocations
  7402 | D:8      | Noticed a boulder beetle
  7685 | D:8      | Noticed a moth of wrath
  7700 | D:8      | Found a bloodstained altar of Trog.
  7721 | D:8      | Killed a moth of wrath
  8019 | D:8      | Pacified a boulder beetle
  8141 | D:9      | Reached *** piety under Elyvilon
  8193 | D:9      | Reached skill level 5 in Evocations
  8583 | D:9      | Noticed Gastronok
  8824 | D:9      | Killed Gastronok
  8825 | D:9      | Reached XP level 11. HP: 82/82 MP: 12/18
  8974 | D:9      | Reached skill level 10 in Invocations
  9002 | D:10     | Entered Level 10 of the Dungeon
  9038 | D:10     | Found a shimmering blue altar of Sif Muna.
  9292 | D:10     | Found a staircase to the Lair.
  9335 | D:10     | Identified the +9 quarterstaff of the Jumping Gods {holy,
                  | Int+3 Dex+3}
  9688 | D:10     | Reached **** piety under Elyvilon
  9830 | D:10     | Noticed Josephine
  9846 | D:10     | Killed Josephine
  9847 | D:10     | Reached skill level 5 in Dodging
  9993 | Lair:1   | Entered Level 1 of the Lair of Beasts
 10734 | Lair:1   | Reached XP level 12. HP: 61/89 MP: 13/21
 11555 | Lair:2   | Noticed glassdraggon's ghost (journeyman DjSu)
 11558 | Lair:2   | Found a runed translucent door.
 11664 | Lair:2   | Killed glassdraggon's ghost
 11752 | Lair:2   | Found a blossoming altar of Fedhas.
 11771 | Lair:2   | Reached skill level 10 in Unarmed Combat
 11953 | Lair:2   | Noticed a catoblepas
 11960 | Lair:2   | Pacified a catoblepas
 11969 | Lair:2   | Killed a catoblepas
 12352 | Lair:2   | Noticed a catoblepas
 12353 | Lair:2   | Noticed a catoblepas
 12374 | Lair:2   | Killed a catoblepas
 12409 | Lair:2   | Killed a catoblepas
 12434 | Lair:2   | Identified the ring of Midsummer {Fly rF+}
 12629 | Lair:2   | Found a staircase to the Snake Pit.
 12937 | Lair:2   | Reached XP level 13. HP: 94/94 MP: 23/23
 13476 | Lair:2   | Found a runed translucent door.
 13477 | Lair:2   | Noticed a reaper
 13572 | Lair:3   | Reached skill level 15 in Invocations
 14684 | Lair:3   | Found a staircase to the Swamp.
 15720 | Lair:4   | Reached skill level 5 in Fighting
 15839 | Lair:4   | Found a viscous altar of Jiyva.
 15839 | Lair:4   | Found a staircase to the Slime Pits.
 16288 | Lair:5   | Entered Level 5 of the Lair of Beasts
 16612 | Lair:5   | Reached XP level 14. HP: 108/108 MP: 25/25
 16993 | Lair:5   | Reached skill level 15 in Unarmed Combat
 17102 | Lair:5   | Reached skill level 1 in Shields
 18163 | D:11     | Identified the ring of Sloth {rCorr Str+2}
 18469 | D:11     | Found a staircase to the Orcish Mines.
 18968 | D:11     | Reached skill level 10 in Fighting
 19661 | Orc:1    | Entered Level 1 of the Orcish Mines
 19661 | Orc:1    | Found Owodgh's Weapon Boutique.
 21001 | Orc:2    | Entered Level 2 of the Orcish Mines
 21205 | Orc:2    | Reached skill level 10 in Dodging
 21215 | Orc:2    | Reached XP level 15. HP: 94/126 MP: 26/26
 21548 | Orc:2    | Found Otuhudwa's Armour Shop.
 21945 | Orc:2    | Found a staircase to the Elven Halls.
 21946 | Orc:2    | Found Putwu's Armour Shoppe.
 21953 | Orc:2    | Found Yvauvegu's Antique Armour Boutique.
 21954 | Orc:2    | Found Puojujibb's Magic Scroll Shop.
 22118 | Orc:2    | Bought a pair of spiked boots for 237 gold pieces
 22118 | Orc:2    | Identified the +2 pair of boots of an ossuary {rElec} (You
                  | bought it in a shop on level 2 of the Orcish Mines)
 22558 | Orc:2    | Bought a shiny buckler for 187 gold pieces
 22580 | Orc:2    | Bought a scroll of enchant armour for 112 gold pieces
 22598 | Orc:2    | Bought a scroll of poison for 60 gold pieces
 22598 | Orc:2    | Bought a scroll of poison for 60 gold pieces
 22598 | Orc:2    | Bought a scroll of fear for 60 gold pieces
 22598 | Orc:2    | Bought a scroll of amnesia for 60 gold pieces
 22614 | Orc:2    | Bought a +1 pair of gloves for 172 gold pieces
 23393 | D:12     | Noticed Erolcha
 23402 | D:12     | Killed Erolcha
 23576 | D:12     | Noticed Frances
 23600 | D:12     | Killed Frances
 23848 | D:12     | Noticed Snorg
 23859 | D:12     | Killed Snorg
 24097 | D:12     | Noticed Nessos
 24109 | D:12     | Killed Nessos
 24128 | D:12     | Learned a level 2 spell: Wereblood
 24133 | D:12     | Learned a level 4 spell: Iskenderun's Mystic Blast
 24943 | D:13     | Found a gate to the Vaults.
 25218 | D:13     | Found Amiexal's Weapon Boutique.
 25291 | D:13     | Noticed Kirke
 25310 | D:13     | Killed Kirke
 25756 | D:13     | Found a runed translucent door.
 25763 | D:13     | Found a runed translucent gate.
 25763 | D:13     | Found a runed translucent gate.
 25763 | D:13     | Found a runed translucent gate.
 25763 | D:13     | Found a runed translucent gate.
 25763 | D:13     | Found a runed translucent gate.
 25763 | D:13     | Found a runed translucent gate.
 26217 | D:13     | Identified the ring "Teol" {rC+ Slay+2}
 26549 | D:14     | Reached XP level 16. HP: 134/134 MP: 29/29
 27215 | D:15     | Entered Level 15 of the Dungeon
 27708 | D:15     | Found a transporter.
 27719 | D:15     | Found a transporter.
 27727 | D:15     | Noticed Gympuve's ghost (adept TrFi)
 28370 | D:15     | Found a staircase to the Depths.
 28742 | Temple   | Fell from the grace of Elyvilon
 28742 | Temple   | Became a worshipper of the Shining One
 28742 | Temple   | Reached * piety under the Shining One
 28742 | Temple   | Reached ** piety under the Shining One
 28999 | Swamp:1  | Entered Level 1 of the Swamp
 29667 | Swamp:1  | Reached *** piety under the Shining One
 30412 | Swamp:1  | Reached skill level 10 in Evocations
 31295 | Swamp:2  | Noticed Donald
 31309 | Swamp:2  | Killed Donald
 31463 | Swamp:2  | Noticed a tentacled monstrosity
 31469 | Swamp:2  | Killed a tentacled monstrosity
 32008 | Swamp:3  | Noticed a thorn hunter
 32419 | Swamp:2  | Killed a thorn hunter
 32494 | Swamp:2  | Lost mutation: Your body sometimes deteriorates upon taking
                  | damage. [potion of mutation]
 32494 | Swamp:2  | Lost mutation: Your large and strong wings let you fly.
                  | [potion of mutation]
 32494 | Swamp:2  | Lost mutation: You are somewhat resistant to further
                  | mutation. [potion of mutation]
 32494 | Swamp:2  | Gained mutation: You are frail. (-10% HP) [potion of
                  | mutation]
 32494 | Swamp:2  | Gained mutation: You have hidden genetic potential. [potion
                  | of mutation]
 32494 | Swamp:2  | Gained mutation: You are dopey. (Int -2) [potion of
                  | mutation]
 32494 | Swamp:2  | Gained mutation: You have sharp fingernails. [potion of
                  | mutation]
 33237 | Swamp:2  | Reached XP level 17. HP: 98/126 MP: 31/31
 33615 | Swamp:3  | Noticed Mara
 33668 | Swamp:4  | Entered Level 4 of the Swamp
 34889 | Swamp:4  | Got a decaying rune of Zot
 35481 | Snake:1  | Entered Level 1 of the Snake Pit
 35780 | Snake:1  | Identified the serpent talisman "Kibaumim" {rC- Int+5}
 35780 | Snake:1  | Noticed Aizul
 35794 | Snake:1  | Killed Aizul
 35794 | Snake:1  | Was placed under penance by the Shining One
 35975 | Snake:1  | Found a runed translucent door.
 35991 | Snake:1  | Noticed MrCrawl's ghost (journeyman DrFE)
 36201 | Snake:1  | Found Uceffagodd's Magic Scroll Shop.
 36216 | Snake:1  | Bought a scroll of immolation for 60 gold pieces
 36216 | Snake:1  | Bought a scroll of immolation for 60 gold pieces
 36216 | Snake:1  | Bought a scroll of teleportation for 45 gold pieces
 36216 | Snake:1  | Bought a scroll of teleportation for 45 gold pieces
 37029 | Snake:1  | Noticed Roxanne
 38036 | Snake:2  | Noticed Nikola
 38732 | Snake:2  | Noticed Mlioglotl
 38779 | Snake:2  | Killed Mlioglotl
 39252 | Snake:1  | Gained mutation: Your spells are a little harder to cast,
                  | but a little more powerful. [hidden potential]
 39523 | Snake:2  | Noticed Azrael
 39536 | Snake:2  | Killed Azrael
 39837 | Snake:2  | Killed Nikola
 39960 | Snake:2  | You fall into a shaft and drop 1 floor!
 39983 | Snake:3  | Was forgiven by the Shining One
 40482 | Snake:2  | Reached XP level 18. HP: 102/133 MP: 32/32
 40801 | Snake:3  | Identified the +1 buckler "Ceipuj" {Dex+3}
 41088 | Snake:4  | Entered Level 4 of the Snake Pit
 41281 | Snake:4  | Found Ytelyicw's Book Shoppe.
 41604 | Snake:4  | Reached skill level 11 in Shapeshifting
 42125 | Snake:4  | Reached skill level 12 in Shapeshifting
 42803 | Snake:4  | Gained mutation: You have a pair of small antennae on your
                  | head. [hidden potential]
 42803 | Snake:4  | Lost mutation: You have hidden genetic potential. [hidden
                  | potential expressed]
 42939 | Snake:4  | Reached skill level 13 in Shapeshifting
 43191 | Snake:4  | Got a serpentine rune of Zot
 43965 | Snake:1  | Killed MrCrawl's ghost
 44389 | D:7      | Killed RandomKimchi's ghost
 44390 | D:7      | Reached skill level 14 in Shapeshifting
 44409 | D:7      | Lost mutation: You have sharp fingernails. [potion of
                  | mutation]
 44409 | D:7      | Lost mutation: You have a pair of small antennae on your
                  | head. [potion of mutation]
 44409 | D:7      | Lost mutation: You are frail. (-10% HP) [potion of
                  | mutation]
 44409 | D:7      | Gained mutation: Your body sometimes deteriorates upon
                  | taking damage. [potion of mutation]
 44409 | D:7      | Gained mutation: Your flesh is cold resistant. (rC+)
                  | [potion of mutation]
 44409 | D:7      | Gained mutation: You are partially covered in large bone
                  | plates. (SH +4) [potion of mutation]
 44731 | D:15     | Killed Gympuve's ghost
 44902 | Elf:1    | Entered Level 1 of the Elven Halls
 44954 | Elf:1    | Reached XP level 19. HP: 133/158 MP: 31/33
 45593 | Elf:1    | You fall into a shaft and drop 1 floor!
 45812 | Elf:1    | Found a portal to a secret trove of treasure.
 46075 | Elf:1    | Found Nalosiall's General Store.
 46083 | Elf:1    | Bought a wand of paralysis (4) for 153 gold pieces
 46083 | Elf:1    | Bought a scroll of teleportation for 48 gold pieces
 46224 | Elf:2    | Identified the +1 buckler of Quiet Fog {rCorr}
 46351 | Elf:2    | Found a runed translucent door.
 46351 | Elf:2    | Noticed BigAl98's ghost (adept TrFi)
 46504 | Elf:2    | Reached skill level 15 in Shapeshifting
 46618 | Elf:2    | Found Moli's Antique Armour Shoppe.
 46619 | Elf:2    | Found an ancient bone altar of Kikubaaqudgha.
 46884 | Elf:2    | Found a huge runed translucent gate.
 46884 | Elf:2    | Found a huge runed translucent gate.
 46884 | Elf:2    | Found a huge runed translucent gate.
 46884 | Elf:2    | Found a huge runed translucent gate.
 46884 | Elf:2    | Found a huge runed translucent gate.
 47107 | Elf:2    | Identified a scroll of acquirement
 47108 | Elf:2    | Acquired a manual of Translocations
 47147 | Elf:2    | Killed BigAl98's ghost
 47196 | Elf:3    | Entered Level 3 of the Elven Halls
 47233 | Elf:3    | Found Keimian's Antique Weapon Boutique.
 47455 | Elf:3    | Reached **** piety under the Shining One
 47865 | Elf:3    | Reached skill level 16 in Shapeshifting
 47891 | Elf:3    | Reached ***** piety under the Shining One
 47899 | Elf:3    | Reached skill level 17 in Shapeshifting
 48065 | Elf:3    | Identified the +9 eveningstar of Amortisation {venom, Int+4
                  | Stlth+}
 48215 | Elf:3    | Got the Omnibus of Spellbinding Toxicity
 48226 | Elf:3    | Identified the amulet of Laakhlogg {Reflect Harm MP+9 SH+5}
 48238 | Elf:3    | Identified the +0 cloak of Keasug {rElec Str+4 Stlth-}
 48239 | Elf:3    | Identified the +5 arbalest "Horif" {elec, rPois}
 48255 | Elf:3    | Identified the ring of Ufabues {Drain rN+ Will+ EV+5}
 48277 | Elf:3    | Identified the scarf "Kecamide" {harm, Str+2}
 48281 | Elf:3    | Got the Book of the Blinking Flock
 48288 | Elf:3    | Identified the +7 quarterstaff "Demonbane" {drain, rN+}
 48609 | Vaults:1 | Entered Level 1 of the Vaults
 49101 | Vaults:1 | Reached skill level 18 in Shapeshifting
 49143 | Vaults:1 | Found a magical portal.
 49152 | WizLab   | Entered Wucad Mu's Monastery
 49276 | WizLab   | HP: 4/158 [grey draconian monk[old memories] (5)]
 49613 | Vaults:1 | Reached XP level 20. HP: 143/166 MP: 34/34
 50003 | Vaults:1 | Found Uplagr Otod's Weapon Shop.
 50760 | Vaults:1 | Reached skill level 19 in Shapeshifting
 51809 | Vaults:2 | Reached skill level 20 in Shapeshifting
 52938 | Vaults:2 | Found Uluiddudghori's Book Boutique.
 53152 | Vaults:2 | Reached skill level 21 in Shapeshifting
 53167 | Vaults:2 | Reached XP level 21. HP: 172/172 MP: 35/35
 53865 | Vaults:3 | Identified the +1 short sword of Popular Demand {flame,
                  | rElec rF- Will++ rCorr}
 54734 | Vaults:3 | Found a staircase to the Crypt.
 54734 | Vaults:3 | Found a basalt altar of Yredelemnul.
 54734 | Vaults:3 | Found an ancient bone altar of Kikubaaqudgha.
 54823 | Vaults:3 | You fall into a shaft and drop 1 floor!
 54823 | Vaults:4 | Noticed Zenata
 54831 | Vaults:4 | Killed Zenata
 55168 | Vaults:3 | Reached skill level 22 in Shapeshifting
 55285 | Vaults:3 | Paralysed by a formless jellyfish for 1 turns
 57364 | Vaults:4 | Identified the +1 whip "Soqage" {heavy, rC+ Int+3}
 57370 | Vaults:4 | Reached skill level 23 in Shapeshifting
 57595 | Vaults:4 | Noticed Saint Roka
 57608 | Vaults:4 | Killed Saint Roka
 57850 | Vaults:5 | Entered Level 5 of the Vaults
 57919 | Vaults:5 | Reached skill level 15 in Fighting
 57927 | Vaults:5 | Reached XP level 22. HP: 36/193 MP: 36/36
 57931 | Vaults:5 | HP: 14/289 [vault guard/+0 halberd (6)]
 58295 | Vaults:5 | Got a silver rune of Zot
 58325 | Vaults:5 | Identified the +1 hand axe of the New World {freeze, rC+
                  | rN+ Str+3}
 58373 | Vaults:5 | Identified the +7 broad axe "Globulus" {distort, Str+2}
 58432 | Vaults:5 | Noticed a golden dragon
 58448 | Vaults:5 | Killed a golden dragon
 58884 | Vaults:5 | Noticed a golden dragon
 58893 | Vaults:5 | HP: 2/206 [titan/the air (23)]
 58900 | Vaults:5 | HP: 4/206 [vault warden/+0 war axe (24)]
 58900 | Vaults:5 | Annihilated by a titan

Illustrated notes

Levels and vault maps discovered:
D:1:      roderic_crossed_star, layout_basic, serial_bayou,
          serial_bayou_lagoon_b, serial_bayou_shore_a, serial_bayou_pond_b,
          serial_bayou_pond_b, serial_bayou_pond_c, minmay_tromino_mix6
D:2:      kennysheep_six_static_rooms, layout_rooms,
          hellmonk_ecumenical_altar_dog_temple, grunt_decor_clamped
D:3:      layout_rooms, mainiacjoe_overflow_chevrons, serial_rivers,
          chequers_serial_rivers_micro_c, chequers_serial_rivers_small_a,
          chequers_serial_rivers_small_a, chequers_serial_rivers_micro_d,
          chequers_serial_rivers_micro_a, chequers_serial_rivers_micro_d,
          serial_shops, nicolae_shop_back_alley_shop
D:4:      layout_basic, nicolae_ru_great_annihilating_truth, uniq_natasha,
          uniq_pargi, uniq_edmund
D:5:      wander_river, layout_layer_cave
D:6:      kennysheep_steamy, layout_rooms, chei_slow_surprise, fedhas_altar_3,
          grunt_dithmenos_smoke_and_mirrors, roderic_cross_of_infinity,
          uniq_maggie
D:7:      layout_basic, mainiacjoe_overflow_24_doors, zin_statuary,
          minmay_temple_entry_antechambers, gammafunk_ghost_wrathful_warriors,
          st_stairs_4, uniq_maurice
D:8:      lemuel_ratsnest, layout_loops_corners, tgw_trog, wad_dig_loot
D:9:      layout_long_grid, nicolae_kite_square_tiling_tiny, uniq_gastronok
D:10:     layout_irregular_city, hellmonk_sif_muna_bookshelves,
          erik_lair_island, uniq_josephine
D:11:     kennysheep_windowed_halls, layout_basic, david_orc_4
D:12:     layout_cave_pods, uniq_nessos, uniq_erolcha, uniq_frances, uniq_snorg
D:13:     gammafunk_indiana_jones, layout_long_grid,
          hangedman_vaults_entry_quadrant_bands, serial_shops,
          nicolae_stop_n_shop_1, nicolae_figureground_sparkle, uniq_kirke
D:14:     layout_roguey, hex_intersection
D:15:     grunt_enter_depths_hoard, layout_cross, gammafunk_ghost_hive,
          hangedman_decor_opposing
Temple:   nicolae_temple_bog_church
Lair:1:   layout_cave_pods
Lair:2:   regret_index_malice_mire, layout_small_grid,
          minmay_snake_entry_six_corridors, basic_altar,
          hellmonk_ghost_happy_afterlife, pdpol_lair_cabin_in_the_woods,
          serial_bayou_shore_b
Lair:3:   nzn_winding_woodlands_three_and_one
          [nzn_winding_woodlands_5x15_river_crossing,
          nzn_winding_woodlands_5x15_split_checker,
          nzn_winding_woodlands_5x15_eye, nzn_winding_woodlands_center_lodge],
          layout_gridlike, mainiacjoe_swamp_entry_lozenge_pond
Lair:4:   layout_gridlike, nicolae_slime_entry_slimehenge,
          chequers_serial_rivers_large_a
Lair:5:   guppyfry_lair_end_dragon, layout_cave_shapes
Swamp:1:  layout_basic_swamp, evilmike_swamp_ruin_rubble_2,
          nicolae_swamp_tree_isthmus
Swamp:2:  layout_basic_swamp, nicolae_swamp_very_dense_foliage,
          infiniplex_staircase_pool_2, uniq_donald
Swamp:3:  nicolae_swamp_husk_halls, layout_falls_marsh,
          nicolae_swamp_orc_logging_accident, uniq_mara
Swamp:4:  swamp_alternative, layout_basic_swamp, swamp_pool_1_2,
          infiniplex_staircase_pool
Snake:1:  layout_layer_cave, serial_shops, shop, ebering_ghost_inner_flame,
          hangedman_corner_corridor, uniq_aizul, uniq_roxanne
Snake:2:  layout_gridlike, nicolae_triple_integral, serial_bayou_shore_b,
          uniq_nikola, uniq_azrael, uniq_mlioglotl
Snake:3:  layout_misc_corridors
Snake:4:  grunt_snake_rune_pools, layout_misc_corridors, serial_shops, shop,
          nicolae_snake_gridmaze_entwining, nicolae_snake_salamander_fort
Orc:1:    nicolae_orc_accident_3, layout_caves, serial_shops,
          nicolae_shop_bloodbath_and_beyond, minmay_orc_barracks
Orc:2:    st_orc_open, layout_caves, special_room, guppyfry_orc_lava_fort
Elf:1:    eino_elf_arrival_sip, layout_loops_ring,
          portal_ice_cave_entry_ice_statue_two, serial_shops,
          nicolae_shop_stone, nicolae_trove_entry_path_of_doom,
          nicolae_zig_zag_zippers
Elf:2:    elven_hall_of_blades_hangedman_alternative
          [nicolae_blade_entry_sentries_behind_glass], layout_geoelf_octagon,
          serial_shops, nicolae_shop_trees, ebering_ghost_reflecting_pool,
          serial_sigils, serial_sigils_hangedman_stare,
          serial_sigils_hangedman_shear, serial_sigils_hangedman_clutch,
          basic_altar
Elf:3:    elf_hall, layout_gridlike, serial_shops, shop, glass_columns_b,
          nicolae_twisty_statue_hallways
Vaults:1: mu_enter_wizlab_5, nicolae_vaults_wine_cellar, vaults_dpeg_diagonal,
          vaults_mumra_minichess, hangedman_vaults_cutoff, v_misc_4,
          grunt_vaults_twisty, v_pattern_1, nicolae_vaults_tetromino_Z_2,
          nicolae_vaults_little_squares_1, layout_vaults_omnicross,
          serial_shops, shop
Vaults:2: hangedman_vaults_locks, v_misc_8, v_rooms_2, vaults_dpeg_ring,
          nicolae_vaults_twisting_passages, vaults_room_fours,
          nicolae_vaults_network_square, hangedman_vaults_stagger,
          nicolae_vaults_library_corner, nicolae_vaults_rhombus_6,
          layout_vaults_ring, serial_shops, shop
Vaults:3: vaults_dpeg_cross, nicolae_vaults_shrinking_rooms_2,
          ontoclasm_vaults_ligature, v_rooms_4, minmay_crypt_entry_necro_gods,
          nicolae_vaults_loss_of_containment, nicolae_vaults_disjoint_gnomons,
          v_misc_19, nicolae_vaults_hallways_thing,
          nicolae_vaults_network_periphery, v_alt_pattern_3,
          nicolae_vaults_trapezoid_4, nicolae_vaults_cochlea,
          serial_library_hellmonk_reading_circle, nicolae_vaults_gold_heap,
          layout_vaults_omnibox
Vaults:4: v_misc_28, nicolae_vaults_cochlea, nicolae_vaults_tetromino_T_1,
          nicolae_vaults_apartment_2, nicolae_vaults_closet_pinwheel_1,
          nicolae_vaults_double_plus_1, serial_ice_h,
          nicolae_vaults_trapezoid_2, vaults_mumra_lcd,
          nicolae_vaults_turnstiles, ontoclasm_vaults_loading_screen,
          vaults_room_pools, layout_vaults_quadrants, uniq_zenata, uniq_margery,
          uniq_saint_roka
Vaults:5

Skill      XL: |  1  2  3  4  5  6  7  8  9 10 11 12 13 14 15 16 17 18 19 20 21 22 |
---------------+-------------------------------------------------------------------+-----
Unarmed Combat | 4 5 6 8 9 11 14 15 16 20 | 20.0
Shapeshifting  | 3 7 10 14 18 21 23 | 23.1
Invocations    | 5 9 12 14 15 19 20 | 20.0
Evocations     | 5 10 | 10.0
Dodging        | 6 7 10 | 10.0
Fighting       | 5 10 11 15 19 | 19.3
Shields        | 4 |  4.0

Action                     |  1- 3 |  4- 6 |  7- 9 | 10-12 | 13-15 | 16-18 | 19-21 | 22-24 || total
---------------------------+-------+-------+-------+-------+-------+-------+-------+-------++-------
  Melee: Unarmed           |    40 |       |   181 |   650 |  1336 |  1903 |  1489 |   128 ||  5727
         Tailslap          |    13 |    15 |    57 |   128 |   322 |   465 |   426 |       ||  1426
         Dagger            |    69 |   123 |   117 |       |       |       |       |       ||   309
         Constrict         |       |       |       |    19 |       |       |       |       ||    19
         Punch             |       |       |       |       |       |       |     8 |    21 ||    29
  Throw: Throwing net      |       |       |       |     2 |       |    10 |       |       ||    12
         Dart              |       |       |       |       |       |     7 |       |       ||     7
 Invoke: Purification      |       |       |     1 |     6 |     7 |     2 |       |       ||    16
         Heal Other        |       |       |       |     6 |    41 |    10 |       |       ||    57
         Heal Self         |       |       |       |     7 |     5 |       |       |       ||    12
         Divine Shield     |       |       |       |       |       |    27 |    27 |     5 ||    59
         Cleansing Flame   |       |       |       |       |       |    10 |    13 |     5 ||    28
         Summon Divine War |       |       |       |       |       |       |     1 |     1 ||     2
Ability: Breathe Steam     |       |       |     7 |    12 |    64 |    39 |       |       ||   122
         Blinkbolt         |       |       |       |       |       |       |     4 |     6 ||    10
  Evoke: Wand              |       |     6 |     3 |     7 |    23 |   115 |    21 |     1 ||   176
         Box of beasts     |       |       |       |       |       |     6 |     1 |       ||     7
         Phial of floods   |       |       |       |       |       |       |     2 |       ||     2
    Use: Scroll            |     3 |     1 |     7 |    10 |    16 |    31 |    16 |     1 ||    85
         Potion            |       |     1 |     5 |     2 |     1 |    13 |     2 |     2 ||    26
   Stab: Paralysed         |       |     1 |     2 |       |    25 |       |       |       ||    28
         Sleeping          |       |       |       |     1 |     2 |       |       |       ||     3
         Petrified         |       |       |       |     5 |       |       |       |       ||     5
         Held in net/web   |       |       |       |     1 |       |     2 |       |       ||     3
 Armour: Skin              |    51 |    79 |   167 |   431 |   747 |  1099 |   630 |    51 ||  3255
  Dodge: Dodged            |    72 |    71 |   159 |   455 |   859 |   990 |   824 |   136 ||  3566
  Block: Buckler           |       |       |       |       |   179 |  1024 |   911 |       ||  2114
         Reflection        |       |       |       |       |     7 |   106 |    59 |       ||   172
         Other             |       |       |       |       |       |       |    18 |    31 ||    49
   Form: Beast             |       |       |     1 |     1 |       |       |       |       ||     2
         Anaconda          |       |       |       |     1 |       |       |       |       ||     1
                           |       |       |       |     2 |       |       |       |       ||     2
         Storm             |       |       |       |       |       |       |     1 |       ||     1

Table legend: (Time is in decaauts)
 A = Elapsed time spent in this place.
 B = Non-inter-level travel time spent in this place.
 C = Inter-level travel time spent in this place.
 D = Time resting spent in this place.
 E = Time spent auto-exploring this place.
 F = Levels seen in this place.
 G = Mean time per level.
                   A        B        C        D        E       F      G
               +--------+--------+--------+--------+--------+-----+--------+
         Total |  58583 |  54844 |   3739 |  15971 |  24054 |  40 | 1464.6 |
       Dungeon |  18944 |  17032 |   1912 |   2746 |  10201 |  15 | 1262.9 |
        Temple |     59 |     28 |     31 |      0 |      0 |   1 |   59.0 |
          Lair |   8410 |   7835 |    575 |   1436 |   4579 |   5 | 1682.0 |
         Swamp |   6206 |   6011 |    195 |   3680 |   1064 |   4 | 1551.5 |
     Snake Pit |   8105 |   7788 |    317 |   2556 |   2567 |   4 | 2026.2 |
  Orcish Mines |   2982 |   2849 |    133 |    370 |   1711 |   2 | 1491.0 |
   Elven Halls |   3741 |   3390 |    351 |   1001 |    823 |   3 | 1247.0 |
        Vaults |  10004 |   9782 |    222 |   4134 |   3091 |   5 | 2000.8 |
        Wizlab |    129 |    129 |      0 |     47 |     17 |   1 |  129.0 |
               +--------+--------+--------+--------+--------+-----+--------+

Top non-repeatable levels by time:
 Snake:1: 2847 daAuts
Vaults:4: 2593 daAuts
  Lair:2: 2451 daAuts
 Swamp:2: 2423 daAuts
Vaults:1: 2405 daAuts
 Snake:4: 2328 daAuts
    D:13: 2327 daAuts
Vaults:2: 2123 daAuts
    D:11: 1981 daAuts
 Snake:2: 1923 daAuts
Vaults:3: 1869 daAuts
 Swamp:3: 1760 daAuts
 Swamp:1: 1640 daAuts
   Orc:2: 1637 daAuts
     D:5: 1620 daAuts
